 Dungeon Crawl Stone Soup version 0.17.0 (webtiles) character file.

347 tetracat the Sneak (level 6, -2/42 HPs)
             Began as a Halfling Assassin on Nov 17, 2015.
             Killed from afar by an orc wizard (6 damage)
             ... with a puff of flame
             ... on level 4 of the Dungeon.
             The game lasted 00:05:27 (2346 turns).

tetracat the Sneak (Halfling Assassin)              Turns: 2346, Time: 00:05:27

Health: -2/42      AC:  4    Str: 11    XL:     6   Next: 91%
Magic:  6/6        EV: 16    Int: 10    God:
Gold:   91         SH:  0    Dex: 18    Spells: 0 memorised, 5 levels left

rFire  . . .     SeeInvis .     a - +2 dagger (drain)
rCold  . . .     Clarity  .     i - +0 leather armour
rNeg   . . .     SustAt   .     (shield restricted)
rPois  .         Gourm    .     (no helmet)
rElec  .         Spirit   .     d - +0 cloak
rCorr  .         Warding  .     (no gloves)
rMut   .         Stasis   .     (no boots)
MR     .....                    (no amulet)
Stlth  ++++......               (no ring)
                                m - ring of stealth

@: not resistant to hostile enchantments, stealthy
A: mutation resistance 1
a: no special abilities


You were on level 4 of the Dungeon.
You were hungry.

You visited 1 branch of the dungeon, and saw 4 of its levels.

You collected 91 gold pieces.

Inventory:

Hand Weapons
 a - a +2 dagger of draining (weapon)
 b - a +0 blowgun
 v - a +0 falchion
Missiles
 e - 32 poisoned needles
 f - 2 curare-tipped needles
Armour
 c - a +0 robe
 d - a +0 cloak (worn)
 i - a +0 leather armour (worn)
Jewellery
 m - a ring of stealth (left hand)
Scrolls
 h - a scroll of remove curse
 j - 3 scrolls of identify
 l - a scroll of enchant armour
 w - a scroll of amnesia {unknown}
Potions
 k - a potion of agility {unknown}
 n - a potion of resistance {unknown}
 p - a potion of mutation {unknown}
 r - a potion of ambrosia {unknown}
 t - 2 potions of cure mutation {unknown}
 u - a potion of poison {unknown}
Comestibles
 g - 3 bread rations
 q - 4 fruits
 s - a slice of pizza


   Skills:
 - Level 3.2 Fighting
 - Level 3.4(3.9) Short Blades
 + Level 2.0(2.6) Long Blades
 - Level 2.1 Throwing
 + Level 3.8 Armour
 - Level 3.4 Dodging
 - Level 4.3 Stealth


You had 5 spell levels left.
You didn't know any spells.

Dungeon Overview and Level Annotations

Branches:
Dungeon (4/15)
 Temple: D:4-7

Altars:
Kikubaaqudgha
Nemelex Xobeh

Annotations:
D:3 exclusion: upstairs, Megaslime's ghost, amateur GrSu


Innate Abilities, Weirdness & Mutations

You are small and have problems with some larger weapons.
You are somewhat resistant to further mutation.


Message History

The orc wizard blinks!
The orc wizard hits you but does no damage.
The orc wizard hits you but does no damage.
The orc wizard misses you.
The orc wizard mumbles some strange words.
The orc wizard seems to speed up.
The orc wizard barely misses you.
The orc wizard points at you and mumbles some strange words.
The puff of flame misses you.
The orc wizard casts a spell.
The orc wizard blinks!
The orc wizard gestures wildly while chanting.
The orc wizard flickers and vanishes!
Deactivating autopickup; reactivate with Ctrl-A.
The orc wizard points at you and mumbles some strange words.
The magic dart hits you!
* * * LOW HITPOINT WARNING * * *
A puff of flame appears from out of thin air!
The puff of flame hits you!
You die...

.. #.# ....# #. #.# #...#
# ##. #[#. #...#
#.#..###.#.##...###
#.#.#....#.$.......
##.......####.....##
#......#.# #........
######.###[##.# #.o.o#...
........@.....# #.#...o..
.........#.§o.###.#..o...
........###...o...#......
........#####.#####....##
........##...............
...[....##.##.###########
........##.##.#
##########.##.# #.##.#


You could see an orc priest and an orc wizard.

Vanquished Creatures
  A phantom (D:4)
  An ogre (D:3)
  A hound (D:4)
  An orc priest (D:3)
  A gnoll (D:1)
  4 adders
  2 oozes (D:1)
  A worm (D:2)
  5 giant geckos
  5 orcs
  A ball python (D:2)
  4 giant cockroaches
  5 goblins
  4 hobgoblins
  4 jackals (D:4)
  11 bats
  2 giant newts
  4 kobolds
  4 rats
61 creatures vanquished.

Notes
Turn   | Place    | Note
--------------------------------------------------------------
     0 | D:1      | tetracat the Halfling Assassin began the quest for the Orb.
     0 | D:1      | Reached XP level 1. HP: 14/14 MP: 1/1
    66 | D:1      | Reached XP level 2. HP: 19/19 MP: 2/2
   141 | D:1      | Reached skill level 1 in Armour
   141 | D:1      | Reached XP level 3. HP: 24/24 MP: 3/3
   708 | D:2      | Reached XP level 4. HP: 28/30 MP: 4/4
  1258 | D:3      | Noticed Megaslime's ghost (amateur GrSu)
  1282 | D:3      | Found a sparkling altar of Nemelex Xobeh.
  1282 | D:3      | Found an ancient bone altar of Kikubaaqudgha.
  1293 | D:3      | Noticed an ogre
  1295 | D:3      | Killed an ogre
  1295 | D:3      | Reached XP level 5. HP: 36/36 MP: 5/5
  1440 | D:3      | Reached XP level 6. HP: 4/42 MP: 6/6
  1973 | D:4      | Reached skill level 1 in Long Blades
  2346 | D:4      | Killed from afar by an orc wizard

Action                   |  1- 3 |  4- 6 || total
-------------------------+-------+-------++-------
Melee: Dagger            |    56 |   146 ||   202
 Fire: Blowgun           |     2 |    11 ||    13
  Use: Scroll            |       |     3 ||     3
 Stab: Sleeping          |    12 |    10 ||    22
       Distracted        |       |     1 ||     1
  Eat: Chunk             |       |     4 ||     4
